 Dungeon Crawl Stone Soup version 0.29.1-15-g9cfb28693d (webtiles) character file.

Game seed: 4954100006958524455

43 Hugehornet the Sneak (level 3, -4/27 HPs)
             Began as a Demonspawn Brigand on Mar 30, 2023.
             Slain by a worm (7 damage)
             ... on level 2 of the Dungeon.
             The game lasted 00:01:42 (1504 turns).

Hugehornet the Sneak (Demonspawn Brigand)           Turns: 1504, Time: 00:01:42

Health: -4/27      AC:  3    Str: 11    XL:     3   Next: 37%
Magic:  3/3        EV: 11    Int: 14    God:
Gold:   29         SH:  0    Dex: 14    Spells: 2/2 levels left

rFire   . . .      SeeInvis .   j - +0 dagger (freeze)
rCold   . . .      Faith    .   (no shield)
rNeg    . . .      Spirit   .   b - +0 robe
rPois   .          Reflect  .   (no helmet)
rElec   .          Harm     .   c - +0 cloak
rCorr   .          Rampage  .   (no gloves)
Will    .....                   (no boots)
Stlth   +++.......              (no amulet)
HPRegen 0.09/turn               (no ring)
MPRegen 0.08/turn               (no ring)

@: no status effects
A: ignite blood 1
a: no special abilities


You were on level 2 of the Dungeon.
You visited 1 branch of the dungeon, and saw 2 of its levels.

You collected 29 gold pieces.

Inventory:

Hand Weapons
 a - a +2 dagger
 j - a +0 dagger of freezing (weapon)
Missiles
 d - 9 poisoned darts (quivered)
 e - 3 curare-tipped darts
Armour
 b - a +0 robe (worn)
 c - a +0 cloak (worn)
Scrolls
 f - a scroll of identify {unknown}
 h - a scroll of noise {unknown}
 i - 2 scrolls of teleportation {unknown}
 k - a scroll of magic mapping {unknown}
Potions
 g - 2 potions of curing {unknown}


   Skills:
 - Level 2.0 Fighting
 - Level 1.7 Short Blades
 - Level 1.7 Throwing
 - Level 0.8 Dodging
 + Level 4.9 Stealth


You had 2 spell levels left.
You didn't know any spells.
Your spell library was empty.

Dungeon Overview and Level Annotations

Branches:
Dungeon (2/15)

Altars:


Innate Abilities, Weirdness & Mutations

Your demonic aura sometimes causes spilled blood to erupt in flames.


Message History

You barely miss the quokka.
The quokka is moderately wounded.
The quokka closely misses you.
You hit the quokka. You freeze the quokka.
The quokka is almost dead.
The quokka barely misses you.
You completely miss the quokka.
The quokka is almost dead.
The quokka bites you but does no damage.
You barely miss the quokka.
The quokka is almost dead.
The quokka closely misses you.
You hit the quokka but do no damage.
The quokka is almost dead.
The quokka bites you. The worm barely misses you.
You closely miss the quokka.
The quokka is almost dead.
The quokka barely misses you.
You hit the quokka. You freeze the quokka.
You kill the quokka!
The worm bites you!
You are too injured to fight recklessly!
You are too injured to fight recklessly!
You are too injured to fight recklessly!
You completely miss the worm. You hit the worm. You freeze the worm.
The worm is moderately wounded.
The worm bites you.
You barely miss the worm.
The worm is lightly wounded.
You completely miss the worm.
The worm is lightly wounded.
The worm bites you!
* * * LOW HITPOINT WARNING * * *
You hit the worm. You freeze the worm.
The worm is moderately wounded.
You hit the worm but do no damage.
The worm is moderately wounded.
The worm bites you!
You die...

.... #...# .# .
....##...####.## . .
....#.#.......# . ..
.............# ##.
##.##..#.#......# #..
................# ##..
......w(........## ##...
......†@.........# #....
........###......###..#.
........# #...........#.
........###.....>..#..#.
...............[#....##.
.......##..>....##......
....... #...............
........................
...#..............


You could see a worm.

Vanquished Creatures
  A worm (D:2)
  11 ball pythons
  3 bats (D:1)
  6 endoplasms
  2 giant cockroaches
  A goblin (D:1)
  3 hobgoblins (D:1)
  2 kobolds
  A quokka (D:2)
  2 frilled lizards (D:1)
  4 rats (D:1)
36 creatures vanquished.

Notes
Turn   | Place    | Note
-------+----------+-------------------------------------------
     0 | D:1      | Hugehornet the Demonspawn Brigand began the quest for the
                  | Orb.
     0 | D:1      | Reached XP level 1. HP: 16/16 MP: 1/1
   101 | D:1      | Reached skill level 4 in Stealth
   156 | D:1      | Gained mutation: Your demonic aura sometimes causes spilled
                  | blood to erupt in flames. [demonic ancestry]
   156 | D:1      | Reached XP level 2. HP: 20/22 MP: 2/2
   387 | D:1      | Found a faded altar of an unknown god.
   928 | D:1      | Reached XP level 3. HP: 14/27 MP: 3/3
  1504 | D:2      | Slain by a worm

Illustrated notes

Levels and vault maps discovered:
D:1:      onia_arrival_handbag, layout_loops_corners,
          shapermc_ecumenical_altar_petra, minmay_parallelograms,
          roderic_serpentine_path
D:2:      layout_rooms, chequers_serial_rivers_micro_c

Skill      XL: |  1 |
---------------+----+-----
Stealth        | 4 |  4.9
Fighting       | |  2.0
Short Blades   | |  1.7
Throwing       | |  1.7
Dodging        | |  0.8

Action                   || total
-------------------------++-------
Melee: Dagger            ||    96
 Stab: Sleeping          ||    13
Armor: Robe              ||    17
Dodge: Dodged            ||    51
